Map: Orbital Shipyard

Players

AgCl - Winner!

  • Race: Protoss Protoss

Rum

  • Race: Zerg Zerg

VOD

Have the link to the VOD?

Description

Time

  • Played on: May 4, 2015, 8:09 p.m.
  • Length: 18:39
Show
View Real Time Build Order
Export as new Build Order

AgCl Protoss - Winner!

Build Orders: Oracle Opening, Oracle Opening, Carrier Rush 

Get SALT Encoding   

  12  0:02  Probe  
  13  0:21  Probe  
  14  0:23  Pylon  
  14  0:34  Assimilator  
  14  0:41  Probe  
  15  0:46  Gateway  
  15  0:53  Probe (Chrono Boost)  
  17  1:05  Probe (Chrono Boost)  
  17  1:10  Pylon  
  18  1:11  Probe (Chrono Boost)  
  18  1:22  Probe  
  18  1:25  Assimilator  
  19  1:34  Probe  
  20  1:42  Cybernetics Core  
  20  1:46  Probe (Chrono Boost)  
  21  1:59  Probe (Chrono Boost)  
  22  2:07  Probe (Chrono Boost)  
  23  2:16  Probe  
  23  2:19  Nexus  
  24  2:23  Stargate  
  24  2:28  Probe  
  25  2:37  Warp Gate  
  25  2:41  Mothership Core (Chrono Boost)  
  27  2:45  Zealot  
  27  2:51  Pylon  
  29  2:56  Probe (Chrono Boost)  
  30  3:08  Oracle (Chrono Boost)  
  30  3:09  Probe  
  34  3:21  Probe (Chrono Boost)  
  35  3:33  Probe (Chrono Boost)  
  37  3:39  Probe (Chrono Boost), Pylon  
  38  3:44  Probe (Chrono Boost)  
  38  3:45  Pylon  
  38  3:47  Probe (Chrono Boost)  
  39  3:55  Probe x2 (Chrono Boost)  
  41  3:59  Fleet Beacon  
  41  4:02  Probe x2  
  43  4:14  Probe (Chrono Boost)  
  43  4:17  Probe (Chrono Boost)  
  45  4:24  Carrier (Chrono Boost)  
  45  4:26  Probe (Chrono Boost), Pylon, Stargate  
  44  4:31  Probe (Chrono Boost)  
  44  4:41  Pylon  
  44  4:43  Gateway  
  44  4:45  Gateway  
  50  4:47  Probe  
  50  4:50  Assimilator  
  51  4:54  Assimilator  
  51  4:57  Probe  
  52  5:05  Probe (Chrono Boost)  
  53  5:11  Pylon  
  53  5:12  Forge  
  53  5:13  Probe (Chrono Boost)  
  54  5:17  Probe (Chrono Boost)  
  55  5:24  Probe x2 (Chrono Boost)  
  55  5:27  Twilight Council  
  55  5:28  Carrier (Chrono Boost)  
  57  5:30  Zealot, Pylon  
  59  5:40  Stalker, Zealot  
  63  5:44  Carrier (Chrono Boost)  
  63  5:55  Zealot  
  71  6:02  Zealot  
  79  6:11  Probe  
  79  6:13  Probe  
  79  6:16  Gateway  
  81  6:19  Pylon  
  81  6:22  Protoss Ground Weapons Level 1  
  81  6:30  Graviton Catapult (Chrono Boost)  
  75  6:48  Photon Cannon  
  75  6:51  Templar Archives  
  75  6:53  Probe  
  75  6:54  Probe  
  73  6:55  Pylon  
  73  7:00  Protoss Air Weapons Level 1  
  73  7:14  Nexus  
  73  7:38  Carrier (Chrono Boost)  
  73  7:39  Pylon  
  73  7:44  Carrier (Chrono Boost)  
  73  8:01  Psionic Storm  
  73  8:04  Probe  
  86  8:18  Probe (Chrono Boost)  
  87  8:21  Gateway  
  87  8:24  Pylon  
  87  8:26  Gateway  
  87  8:27  Probe (Chrono Boost)  
  88  8:28  Dark Shrine, Pylon  
  88  8:30  Probe (Chrono Boost)  
  83  8:37  Assimilator  
  77  8:44  Zealot  
  77  8:45  Zealot x3  
  79  8:53  Charge (Chrono Boost)  
  79  8:59  Void Ray (Chrono Boost)  
  79  9:02  Carrier (Chrono Boost)  
  83  9:04  Probe (Chrono Boost)  
  83  9:07  Gateway  
  83  9:08  Pylon, Assimilator  
  83  9:09  Probe x2 (Chrono Boost), Gateway  
  86  9:13  Probe (Chrono Boost)  
  86  9:16  Probe (Chrono Boost)  
  86  9:29  Probe  
  86  9:30  Zealot  
  89  9:32  Zealot  
  95  9:39  Void Ray (Chrono Boost)  
  95  9:48  Forge, Photon Cannon  
  95  9:50  Pylon  
  95  9:55  Pylon  
  95  9:56  Pylon x2  
  95  9:57  Pylon  
  93  10:09  Dark Templar x3  
  93  10:11  Zealot  
  105  10:19  Void Ray (Chrono Boost)  
  105  10:20  Void Ray (Chrono Boost)  
  109  10:36  Photon Cannon  
  109  10:39  Photon Cannon  
  109  10:42  Photon Cannon  
  109  10:48  Photon Cannon  
  109  10:50  Dark Templar  
  109  10:52  High Templar x2  
  109  10:56  Carrier (Chrono Boost)  
  115  11:06  Protoss Air Weapons Level 2  
  115  11:08  Gateway  
  115  11:10  Gateway, Pylon  
  115  11:14  Gateway  
  121  11:26  Protoss Shields Level 1 (Chrono Boost)  
  121  11:42  Carrier (Chrono Boost)  
  121  12:00  Pylon  
  121  12:07  Protoss Ground Weapons Level 2 (Chrono Boost)  
  127  12:12  Zealot x4  
  135  12:19  Archon x2  
  135  12:20  Pylon  
  135  12:21  Zealot x2  
  135  12:22  Pylon, Zealot x2  
  135  12:42  Carrier x2 (Chrono Boost)  
  145  13:08  Robotics Facility  
  145  13:09  Pylon  
  145  13:13  Photon Cannon  
  145  13:17  Photon Cannon  
  134  13:46  Zealot x5, Carrier (Chrono Boost)  
  134  13:47  Zealot x2  
  148  14:00  Nexus  
  148  14:03  Assimilator  
  148  14:07  Assimilator  
  154  14:10  Pylon  
  154  14:17  Observer (Chrono Boost)  
  154  14:18  Carrier (Chrono Boost)  
  154  14:22  Stargate  
  155  14:25  Pylon  
  161  14:32  Observer (Chrono Boost)  
  162  14:40  Protoss Air Weapons Level 3 (Chrono Boost)  
  162  14:49  Protoss Ground Weapons Level 3 (Chrono Boost)  
  162  14:53  Protoss Ground Armor Level 1 (Chrono Boost)  
  160  15:18  Warp Prism  
  160  15:19  Carrier  
  168  15:49  High Templar x2  
  170  16:17  High Templar x2  
  174  16:22  Photon Cannon  
  174  16:25  Gateway, Probe  
  175  16:26  Probe x2  
  175  16:27  Pylon  
  175  16:28  Gateway  
  177  16:36  Pylon  
  177  16:40  Pylon x2  
  177  16:43  Phoenix  
  178  16:52  Carrier (Chrono Boost)  
  178  16:53  Carrier (Chrono Boost)  
  178  17:04  Assimilator  
  184  17:14  Pylon  
  190  17:17  Pylon  
  190  17:19  Pylon  
  190  18:05  Zealot  
  190  18:06  Zealot x3  
  198  18:24  Nexus  
  198  18:28  Photon Cannon  
  198  18:30  Photon Cannon  
  198  18:31  Photon Cannon  
  198  18:34  Gateway  
Show
View Real Time Build Order
Export as new Build Order

Rum Zerg 

Build Orders: Hatch First 

Get SALT Encoding   

  12  0:01  Drone  
  13  0:14  Drone  
  13  0:17  Overlord  
  14  0:37  Drone x3  
  17  0:53  Hatchery  
  16  1:02  Drone  
  17  1:11  Drone  
  17  1:12  Drone  
  19  1:31  Spawning Pool  
  19  1:32  Drone x2  
  20  1:44  Hatchery  
  19  1:52  Drone  
  20  1:54  Overlord  
  20  2:04  Drone  
  21  2:10  Drone  
  21  2:15  Drone  
  23  2:18  Queen  
  25  2:25  Drone x2  
  25  2:29  Drone  
  28  2:39  Overlord x2  
  28  2:47  Drone  
  29  2:55  Drone  
  29  2:56  Extractor  
  29  2:59  Queen  
  29  3:02  Queen  
  29  3:04  Drone x3  
  35  3:20  Drone x2  
  35  3:21  Drone x3  
  40  3:31  Zergling x2  
  41  3:36  Drone x4  
  41  3:37  Drone x2  
  47  3:45  Drone  
  48  4:19  Queen  
  48  4:26  Evolution Chamber  
  48  4:28  Drone x4  
  51  4:35  Drone x3  
  51  4:36  Drone x3  
  57  4:39  Metabolic Boost  
  57  5:05  Drone  
  58  5:07  Overlord  
  58  5:08  Overlord x4, Extractor x2  
  58  5:11  Extractor  
  55  5:14  Lair, Extractor  
  54  5:22  Zerg Melee Weapons Level 1  
  54  5:24  Drone x2  
  54  5:25  Drone  
  54  5:26  Drone x3  
  60  5:30  Drone x3  
  60  5:31  Extractor  
  62  5:47  Overlord x6  
  62  5:48  Overlord x2  
  62  5:57  Zergling x2  
  62  5:58  Zergling x12  
  64  6:20  Spore Crawler  
  64  6:21  Spire  
  64  6:23  Spore Crawler x3  
  59  6:26  Spore Crawler, Zergling x2  
  59  6:27  Zergling x8  
  59  6:28  Spore Crawler  
  51  6:54  Queen  
  53  7:23  Spore Crawler x2  
  53  7:27  Spore Crawler  
  50  7:41  Corruptor x10  
  70  7:58  Corruptor  
  70  7:59  Corruptor  
  74  8:11  Zerg Flyer Armor Level 1  
  69  8:43  Zergling x2  
  69  8:44  Zergling x36  
  88  8:59  Mutalisk x2  
  88  9:00  Mutalisk  
  92  9:53  Hatchery, Extractor  
  92  9:55  Extractor x2  
  87  10:06  Hatchery  
  86  10:26  Overseer  
  86  10:30  Mutalisk x8  
  86  10:31  Mutalisk x3  
  108  10:40  Drone x3  
  108  10:42  Drone x3  
  114  10:51  Zerg Melee Weapons Level 2  
  114  11:05  Drone x7  
  114  11:06  Overlord  
  114  11:07  Overlord x4  
  121  11:30  Mutalisk x5  
  131  12:03  Spine Crawler  
  130  12:12  Mutalisk  
  130  12:13  Mutalisk x6  
  130  12:15  Zergling x2  
  145  12:16  Zergling x8  
  148  12:30  Hatchery  
  148  12:31  Extractor x2  
  145  12:47  Zerg Flyer Weapons Level 1  
  145  12:49  Zergling x2  
  145  12:50  Zergling x12  
  152  13:03  Mutalisk x6  
  152  13:04  Mutalisk  
Tags
 
Add a new tag
Caveats
  • Supply blocks, unpowered buildings, or Contaminate may cause inaccurate times.
  • Supply counts are checked every 10 seconds.